 Dungeon Crawl Stone Soup version 0.18.1-48-g4cf74bf (webtiles) character file.

96 Gargoyl the Skirmisher (level 4, -1/35 HPs)
             Began as a Demonspawn Abyssal Knight on Sept 5, 2016.
             Was a Believer of Lugonu.
             Slain by Natasha (7 damage)
             ... on level 2 of the Dungeon.
             The game lasted 00:03:30 (2454 turns).

Gargoyl the Skirmisher (Demonspawn Abyssal Knight)  Turns: 2454, Time: 00:03:31

Health: -1/35      AC:  7    Str: 13 (14) XL:     4   Next: 41%
Magic:  5/5        EV: 14    Int: 11 (13) God:    Lugonu [**....]
Gold:   71         SH:  7    Dex: 14 (17) Spells: 0 memorised, 3 levels left

rFire  + . .     SeeInvis .     a - +1 hand axe
rCold  + . .     Gourm    .     b - +0 leather armour
rNeg   . . .     Faith    .     e - +0 shield
rPois  +         Spirit   .     (no helmet)
rElec  +         Dismiss  .     (no cloak)
rCorr  +         Reflect  .     (no gloves)
SustAt .         Harm     .     (no boots)
MR     .....                    (no amulet)
Stlth  ++........               (no ring)
                                (no ring)

@: agile, resistant, slowed, invisible, very slow, not resistant to hostile
enchantments, unstealthy
A: talons 2, iridescent scales 1
a: Depart the Abyss, Bend Space, Renounce Religion


You were on level 2 of the Dungeon.
You worshipped Lugonu.
Lugonu was pleased with you.
You were not hungry.

You visited 1 branch of the dungeon, and saw 2 of its levels.
You visited the Abyss 1 time.

You collected 71 gold pieces.

Inventory:

Hand Weapons
 a - a +1 hand axe (weapon)
Armour
 b - a +0 leather armour (worn)
 e - a +0 shield (worn)
Scrolls
 h - a scroll of fog {unknown}
 i - 3 scrolls of identify {unknown}
 k - a scroll of magic mapping {unknown}
Potions
 d - 3 potions of degeneration
 j - 2 potions of resistance
Comestibles
 c - 3 bread rations
 l - a beef jerky


   Skills:
 + Level 3.5 Fighting
 + Level 2.3 Axes
 + Level 2.4 Armour
 + Level 2.1 Dodging
 + Level 0.2 Stealth
 + Level 0.8 Shields
 + Level 2.6 Invocations


You had 3 spell levels left.
You didn't know any spells.

Dungeon Overview and Level Annotations

Branches:
Dungeon (2/15)

Altars:

Annotations:
D:2 Natasha


Innate Abilities, Weirdness & Mutations

You have razor-sharp toenails.
You are partially covered in iridescent scales (AC +4).


Message History

The crimson imp hits you but does no damage.
The crimson imp blinks!
Drink which item? (? for menu, Esc to quit)
It was a potion of resistance.
You feel protected. Natasha claws you but does no damage.
The white imp gestures at you. The puff of frost hits you! You resist.
The crimson imp blinks!
You block Natasha's attack.
Drink which item? (? for menu, Esc to quit)
It was a potion of agility.
You feel agile all of a sudden. The white imp barely misses you.
Natasha claws you!
* * * LOW HITPOINT WARNING * * *
You block the white imp's attack.
Drink which item? (? for menu, Esc to quit)
It was a potion of invisibility.
You fade into invisibility!
Natasha claws you!
You die...

##############
#............####
#.##########.....
#.# ###### #####
#.# ......##.###
.5....h@...#
#####.#.5....# #
#..#.#.# ...#.# #
# .##.#.# ###
##.##. #.#.# #..
....#.....#.# #.#
#......# ##.# #.#
.#.##...#
#.#.####.##


You could see Natasha, a crimson imp and a white imp.

Vanquished Creatures
  Natasha (D:2)
  3 adders
  4 dart slugs (D:1)
  3 giant geckos
  A ball python (D:2)
  6 goblins (D:1)
  2 hobgoblins (D:1)
  5 bats
  2 giant newts (D:1)
  4 kobolds (D:1)
  5 rats
36 creatures vanquished.

Notes
Turn   | Place    | Note
--------------------------------------------------------------
     0 | Abyss:1  | Gargoyl the Demonspawn Abyssal Knight began the quest for the Orb.
     0 | Abyss:1  | Reached XP level 1. HP: 18/18 MP: 2/2
    38 | Abyss:1  | Noticed a worldbinder
    40 | Abyss:1  | Noticed a starcursed mass
    42 | Abyss:1  | Noticed a jumping spider
    42 | Abyss:1  | Noticed an orb spider
    42 | D:1      | Escaped the Abyss
   200 | D:1      | Reached skill level 1 in Dodging
   408 | D:1      | Reached * piety under Lugonu
   461 | D:1      | Gained mutation: You have sharp toenails. [demonic ancestry]
   461 | D:1      | Reached XP level 2. HP: 24/24 MP: 3/3
  1242 | D:1      | Gained mutation: You have razor-sharp toenails. [demonic ancestry]
  1242 | D:1      | Reached XP level 3. HP: 27/29 MP: 4/4
  1310 | D:1      | Reached ** piety under Lugonu
  1782 | D:2      | Noticed Natasha
  1791 | D:2      | Killed Natasha
  1791 | D:2      | Gained mutation: You are partially covered in iridescent scales (AC +4). [demonic ancestry]
  1791 | D:2      | Reached XP level 4. HP: 9/35 MP: 5/5
  2437 | D:2      | Noticed Natasha
  2454 | D:2      | Slain by Natasha

Skill      XL: |  1  2  3 |
---------------+----------+-----
Dodging        | 1 2 |  2.1
Axes           | 2 |  2.3
Armour         | 2 |  2.4
Fighting       | |  3.5
Stealth        | |  0.2
Shields        | |  0.8
Invocations    | |  2.6

Action                   |  1- 3 |  4- 6 || total
-------------------------+-------+-------++-------
Melee: Hand axe          |   115 |    42 ||   157
       Kick              |    23 |     4 ||    27
Invok: Depart the Abyss  |     1 |       ||     1
  Use: Scroll            |     1 |       ||     1
       Potion            |       |     4 ||     4
  Eat: Chunk             |     3 |     2 ||     5
Armor: Leather armour    |    29 |    22 ||    51
Dodge: Dodged            |    36 |    17 ||    53
Block: Shield            |    32 |    20 ||    52
